 Dungeon Crawl Stone Soup version 0.31.0-11-ge490571c62 (webtiles) character file.

Game seed: 5882282962330625792

980 Doomgape the Trooper (level 8, -1/54 HPs)
             Began as a Gargoyle Fighter on Feb 3, 2024.
             Slain by an ogre
             ... wielding a +0 giant spiked club
              (25 damage)
             ... on level 7 of the Dungeon on Feb 7, 2024.
             The game lasted 01:20:53 (4223 turns).

Doomgape the Trooper (Gargoyle Fighter)             Turns: 4223, Time: 01:20:53

Health: -1/54      AC: 15    Str: 22    XL:     8   Next: 17%
Magic:  8/8        EV:  8    Int:  9    God:
Gold:   346        SH:  9    Dex:  9    Spells: 7/7 levels left

rFire   . . .        k - +3 long sword (flame)
rCold   . . .        c - +0 buckler
rNeg    + . .        h - +0 chain mail
rPois   ∞            d - +0 helmet
rElec   +            (no cloak)
rCorr   .            (no gloves)
SInv    .            (no boots)
Will    .....        l - amulet of reflection Stlth
                     (no ring)
HPRegen 0.29/turn    (no ring)
MPRegen 0.11/turn

%: reflection
@: no status effects
A: sickness immunity, AC +5, negative energy resistance 1, electricity
resistance, torment resistance 1, petrification resistance
a: no special abilities


You were on level 7 of the Dungeon.
You visited 1 branch of the dungeon, and saw 6 of its levels.

You collected 346 gold pieces.

Inventory:

Hand Weapons
 g - a +0 long sword of freezing
 k - a +3 long sword of flaming (weapon)
Missiles
 i - 6 javelins (quivered)
Armour
 c - a +0 buckler (worn)
 d - a +0 helmet (worn)
 h - a +0 chain mail (worn)
Magical Staves
 f - a staff of earth
Jewellery
 b - a +6 ring of intelligence
 l - an amulet of reflection (around neck)
Wands
 a - a wand of roots (14)
Potions
 e - a potion of enlightenment
 j - 2 potions of brilliance
 m - a potion of resistance


   Skills:
 + Level 7.8 Fighting
 + Level 5.2 Long Blades
 - Level 3.1 Maces & Flails
 - Level 3.2 Armour
 - Level 3.2 Shields


You had 7 spell levels left.
You didn't know any spells.
Your spell library contained the following spells:

 Spells                   Type           Power      Damage    Failure   Level
 Apportation              Tloc           0%         N/A       97%         1
 Freeze                   Ice            0%         1d3       97%         1
 Jinxbite                 Hex            0%         N/A       99%         2
 Lesser Beckoning         Tloc           0%         N/A       99%         2
 Frozen Ramparts          Ice            0%         1d1       100%        3
 Gell's Gravitas          Tloc           0%         N/A       100%        3
 Hailstorm                Conj/Ice       0%         3d5       100%        3
 Teleport Other           Tloc           0%         N/A       100%        3
 Olgreb's Toxic Radiance  Alch           0%         N/A       100%        4
 Alistair's Intoxication  Alch           0%         N/A       100%        5
 Ozocubu's Refrigeration  Ice            0%         4d7       100%        7
 Discord                  Hex            0%         N/A       100%        8


Dungeon Overview and Level Annotations

Branches:
Dungeon (7/15)
 Temple: D:4-7

Altars:
Dithmenos
Elyvilon
Nemelex Xobeh
Ru
Sif Muna
Trog
Vehumet
Wu Jian

Annotations:
D:3 2 transporters


Innate Abilities, Weirdness & Mutations

You are immune to sickness and miasma.
Your stone body is resilient. (AC +5)
You are immune to poison.
You resist negative energy. (rN+)
You are resistant to electric shocks. (rElec)
You are resistant to unholy torment.
You are immune to petrification.


Message History

You block the wight's attack.
You slash the wight! You burn the wight.
You destroy the wight!
Unknown command.
Things that are here:
a +3 mace of freezing; a +0 robe You start resting.
A wight comes into view. It is wielding a +0 trident.
Things that are here:
a +3 mace of freezing; a +0 robe You start resting.
A bullfrog comes into view.
The bullfrog moves out of view.
You start resting.
A bullfrog is nearby!
The bullfrog croaks.
You hear a shout!
The bullfrog hits you but does no damage.
You slash the bullfrog! You burn the bullfrog.
The bullfrog is severely wounded.
The bullfrog hits you but does no damage. x2
You barely miss the bullfrog.
The bullfrog is severely wounded.
The bullfrog hits you. You block the bullfrog's attack.
You slash the bullfrog! You burn the bullfrog.
You kill the bullfrog!
A wight and an ogre come into view.
The ogre shouts!
An ogre is nearby!
You slash the ogre! You burn the ogre.
The ogre is moderately wounded.
The ogre hits you but does no damage.
You hit the ogre. You burn the ogre.
The ogre is heavily wounded.
The ogre hits you with a +0 giant spiked club!!
You barely miss the ogre.
The ogre is heavily wounded.
You hit the ogre. You burn the ogre.
The ogre is severely wounded.
The ogre hits you with a +0 giant spiked club!!
You die...

.............#..
<.z............ #...#.....
... ###...#...## #.# ..##
#.)........# #.# ...
#..........# #.# ##..##.
##........).# #.# .......
.).......##.###.###.......
##.......##.....@.#.O..z #
######.#.####..##O#..#....
## #.#.# #.###z........ .#
#...##...##.......... .#
#....#.####.......###
.######................#
.......................#
.######.............#....
.# #...............##.#


You could see an ogre and a wight.

Vanquished Creatures
  Pikel (D:7)
  A bullfrog (D:7)
  A scorpion (D:5)
  A wight (D:7)
  A jelly (D:7)
  An orc priest (D:7)
  An iguana (D:4)
  2 orc wizards
  Robin (D:2)
  4 gnolls
  7 adders
  6 dart slugs
  6 orcs
  7 endoplasms
  4 giant cockroaches
  14 goblins
  13 hobgoblins
  7 jackals
  2 quokkas (D:3)
  6 ball pythons
  3 bats
  A frilled lizard (D:1)
  11 kobolds
  6 rats
107 creatures vanquished.

Notes
Turn   | Place    | Note
-------+----------+-------------------------------------------
     0 | D:1      | Doomgape the Gargoyle Fighter began the quest for the Orb.
     0 | D:1      | Reached XP level 1. HP: 14/14 MP: 1/1
    43 | D:1      | Reached XP level 2. HP: 7/19 MP: 2/2
   370 | D:1      | Reached skill level 4 in Fighting
   370 | D:1      | Reached XP level 3. HP: 18/24 MP: 3/3
   893 | D:2      | Found a sparkling altar of Nemelex Xobeh.
   893 | D:2      | Noticed Robin
   912 | D:2      | Reached XP level 4. HP: 19/30 MP: 4/4
   924 | D:2      | Killed Robin
  1176 | D:2      | Reached skill level 1 in Long Blades
  1483 | D:2      | Reached XP level 5. HP: 34/34 MP: 5/5
  1491 | D:2      | Reached skill level 5 in Fighting
  2364 | D:3      | Found a transporter.
  2399 | D:3      | Found a transporter.
  2948 | D:3      | Reached XP level 6. HP: 21/40 MP: 6/6
  3346 | D:4      | Found a sacrificial altar of Ru.
  3346 | D:4      | Found a white marble altar of Elyvilon.
  3350 | D:4      | Found a bloodstained altar of Trog.
  3350 | D:4      | Found a radiant altar of Vehumet.
  3483 | D:4      | Found a shadowy altar of Dithmenos.
  3572 | D:4      | Upgraded the game from 0.31.0-9-g3a7656b989 to
                  | 0.31.0-11-ge490571c62
  3809 | D:4      | Found a shimmering blue altar of Sif Muna.
  3812 | D:4      | Found an ornate altar of the Wu Jian Council.
  3875 | D:5      | Entered Level 5 of the Dungeon
  3892 | D:5      | Reached skill level 6 in Fighting
  3985 | D:5      | You fall into a shaft and drop 2 floors!
  3992 | D:7      | Noticed Pikel
  4020 | D:7      | Killed Pikel
  4021 | D:7      | Reached skill level 7 in Fighting
  4021 | D:7      | Reached XP level 7. HP: 19/48 MP: 7/7
  4027 | D:7      | Reached XP level 8. HP: 25/53 MP: 8/8
  4030 | D:7      | Reached skill level 5 in Long Blades
  4223 | D:7      | Slain by an ogre

Illustrated notes

Levels and vault maps discovered:
D:1:      wander_arrival_chamber, layout_basic, minmay_misc_feat_plants,
          st_stairs_3
D:2:      minmay_skewed_foursquare, layout_basic, basic_altar,
          serial_park_tiny_1, nicolae_underground_beach, uniq_robin
D:3:      gammafunk_steamed_eel, layout_basic
D:4:      layout_basic, grunt_temple_overflow_open, minitemple
D:5:      layout_gridville, grunt_temple_overflow_holy_war,
          mainiacjoe_overflow_24_doors
D:7:      layout_rooms, minmay_temple_entry_offerings, uniq_pikel

Skill      XL: |  1  2  3  4  5  6  7  8 |
---------------+-------------------------+-----
Fighting       | 4 5 7 |  7.8
Maces & Flails | 3 |  3.1
Long Blades    | 1 2 4 5 |  5.2
Armour         | |  3.2
Shields        | |  3.2

Action                     |  1- 3 |  4- 6 |  7- 9 || total
---------------------------+-------+-------+-------++-------
  Melee: Flail             |    84 |       |       ||    84
         Long sword        |     9 |   244 |    27 ||   280
    Use: Potion            |     3 |     3 |     1 ||     7
         Scroll            |     1 |     5 |       ||     6
 Armour: Scale mail        |   107 |    64 |       ||   171
         Chain mail        |       |   204 |    14 ||   218
  Dodge: Dodged            |    46 |   137 |     3 ||   186
  Block: Buckler           |    28 |    67 |    10 ||   105
